 Dungeon Crawl Stone Soup version 0.31-a0-1591-g515db51633 (webtiles) character file.

Game seed: 15255708655242359143

79 CougarLife the Changeling (level 4, -1/37 HPs)
             Began as a Merfolk Shapeshifter on Jan 7, 2024.
             Slain by a ribbon worm (5 damage)
             ... on level 2 of the Dungeon.
             The game lasted 00:02:26 (1097 turns).

CougarLife the Changeling (Merfolk Shapeshifter)    Turns: 1097, Time: 00:02:26

Health: -1/37      AC:  6    Str: 16    XL:     4   Next: 37%
Magic:  4/4        EV: 10    Int:  9    God:
Gold:   17         SH:  0    Dex: 13    Spells: 3/3 levels left

rFire   + .          .
                       - Unarmed
rCold   . . .        (no shield)
rNeg    + . .        h - +0 scale mail
rPois   .            (helmet currently unavailable)
rElec   .            (cloak currently unavailable)
rCorr   .            (gloves currently unavailable)
SInv    .            (boots currently unavailable)
Will    .....        (no amulet) Stlth
                     e - ring of positive energy
HPRegen 0.26/turn    s - ring of protection from fire
MPRegen 0.09/turn

%: no passive effects
@: beast-form, slowed, very slow
A: beast (slay +2), (nimble swimmer 2), mertail
a: Begin Untransformation


You were on level 2 of the Dungeon.
You were a hulking beast.
You visited 1 branch of the dungeon, and saw 2 of its levels.

You collected 17 gold pieces.

Inventory:

Armour
 h - a +0 scale mail (worn)
Jewellery
 e - a ring of positive energy (left hand)
 k - a ring of fire
 s - a ring of protection from fire (right hand)
Talismans
 c - a beast talisman (active)
 d - a flux talisman
Scrolls
 j - a scroll of vulnerability {unknown}
 n - a scroll of poison {unknown}
 o - a scroll of torment {unknown}
 p - a scroll of enchant armour {unknown}
 q - a scroll of identify {unknown}
 r - a scroll of immolation {unknown}
Potions
 a - 3 potions of berserk rage {unknown}
 b - 2 potions of lignification
 f - 2 potions of might {unknown}
 g - a potion of resistance {unknown}
 i - a potion of curing {unknown}
 l - a potion of brilliance {unknown}
 m - a potion of magic {unknown}


   Skills:
 + Level 3.7 Fighting
 - Level 4.0 Dodging
 - Level 3.2 Unarmed Combat
 - Level 4.0 Shapeshifting


You had 3 spell levels left.
You didn't know any spells.
Your spell library was empty.

Dungeon Overview and Level Annotations

Branches:
Dungeon (2/15)

Altars:


Innate Abilities, Weirdness & Mutations

You are a hulking beast.
Your limbs bulge with bestial killing power. (Slay +2)
((You are very nimble when in or above water. (Stealth+, EV+, Speed+++)))
Your lower body shifts to a powerful aquatic tail in water.


Message History

You closely miss Natasha.
Natasha is almost dead.
The cerulean imp barely misses you. Natasha closely misses you.
The cerulean imp hits you from afar with a +1 spear.
* * * LOW HITPOINT WARNING * * *
You hit Natasha.
Natasha is almost dead.
The cerulean imp barely misses you. Natasha casts a spell at you.
You feel yourself slow down. The cerulean imp barely misses you.
You punch Natasha!
You kill Natasha!
Natasha screams in fury as she dies!
The cerulean imp disappears in a puff of smoke! x2
You have reached level 4!
Unknown command.
You hit the rat.
You kill the rat!
You hit the ribbon worm.
The ribbon worm is lightly wounded.
The ribbon worm expels a string of sticky webbing.
The stream of webbing hits you but does no damage.
You are caught in a web!
The web tears apart.
The ribbon worm closely misses you.
You hit the ribbon worm.
The ribbon worm is lightly wounded.
The ribbon worm expels a string of sticky webbing.
The stream of webbing hits you but does no damage.
You are caught in a web!
The web tears apart.
The ribbon worm expels a string of sticky webbing.
The stream of webbing hits you but does no damage.
You are caught in a web!
The web tears apart.
The ribbon worm expels a string of sticky webbing.
The stream of webbing hits you but does no damage.
You are caught in a web!
The ribbon worm bites you.
* * * LOW HITPOINT WARNING * * *
The web tears apart.
The ribbon worm bites you.
You die...

## #.......#####'### .# #.......+
#.# .# #.......# #.# .###
#5w.....# #.# ...### #.......##
#.### .#...###### #........#
#(... .###......##
#........#.##.### .#
######..#########'# #.......
'#########.#....hw...########.###
...........#.#########...........
.....................#.#####...##
..........##..######.#.# ###..##.
..........##..## #.#.# #...##.#
..........##...#####.#.###.#.##.#
.......)..##......##.#.##..#.#.##
...........#....#.##.#....####.##
##########.#......<#....###.....+


You could see a ribbon worm.

Vanquished Creatures
  Natasha (D:2)
  A dart slug (D:2)
  A ribbon worm (D:2)
  3 bats
  8 endoplasms
  5 giant cockroaches
  6 goblins
  A hobgoblin (D:1)
  4 jackals (D:1)
  4 kobolds
  2 quokkas (D:1)
  2 ball pythons (D:2)
  A frilled lizard (D:2)
  5 rats
44 creatures vanquished.

Notes
Turn   | Place    | Note
-------+----------+-------------------------------------------
     0 | D:1      | CougarLife the Merfolk Shapeshifter began the quest for the
                  | Orb.
     0 | D:1      | Reached XP level 1. HP: 15/15 MP: 1/1
   162 | D:1      | Reached XP level 2. HP: 17/21 MP: 2/2
   412 | D:1      | Reached XP level 3. HP: 27/27 MP: 3/3
  1072 | D:2      | Noticed Natasha
  1088 | D:2      | HP: 1/29 [cerulean imp/+1 spear[Natasha] (2)]
  1090 | D:2      | Killed Natasha
  1091 | D:2      | Reached XP level 4. HP: 3/37 MP: 4/4
  1097 | D:2      | Slain by a ribbon worm

Illustrated notes

Levels and vault maps discovered:
D:1:      dpeg_arrival_oval, layout_rooms
D:2:      layout_basic, interstate_on_off, minmay_statues_item, uniq_natasha

Skill      XL: |  1  2  3 |
---------------+----------+-----
Dodging        | 3 4 |  4.0
Fighting       | 2 3 |  3.7
Unarmed Combat | |  3.2
Shapeshifting  | |  4.0

Action                     |  1- 3 |  4- 6 || total
---------------------------+-------+-------++-------
  Melee: Unarmed           |   111 |     3 ||   114
         Punch             |     3 |       ||     3
 Armour: Animal skin       |     9 |       ||     9
         Scale mail        |    45 |     2 ||    47
  Dodge: Dodged            |    67 |     1 ||    68
   Form: Beast             |     1 |       ||     1

Table legend: (Time is in decaauts)
 A = Elapsed time spent in this place.
 B = Non-inter-level travel time spent in this place.
 C = Inter-level travel time spent in this place.
 D = Time resting spent in this place.
 E = Time spent auto-exploring this place.
 F = Levels seen in this place.
 G = Mean time per level.
                   A        B        C        D        E       F      G
               +--------+--------+--------+--------+--------+-----+--------+
         Total |   1093 |   1059 |     34 |     68 |    672 |   2 |  546.5 |
       Dungeon |   1093 |   1059 |     34 |     68 |    672 |   2 |  546.5 |
               +--------+--------+--------+--------+--------+-----+--------+

Top non-repeatable levels by time:
     D:1: 631 daAuts
     D:2: 461 daAuts
